 Dungeon Crawl Stone Soup version 0.30.0-19-g36f170ea60 (webtiles) character file.

Game seed: 12352632499937103133

5702 Ijustatesigmund the Destroyer (level 10, -16/68 HPs)
             Began as an Octopode Conjurer on June 1, 2023.
             Was a Believer of Cheibriados.
             Killed from afar by an acid dragon (26 damage)
             ... with a splash of acid
             ... on level 9 of the Dungeon.
             The game lasted 00:24:05 (11865 turns).

Ijustatesigmund the Destroyer (Octopode Conjurer)  Turns: 11865, Time: 00:24:05

Health: -16/68     AC:  1    Str: 23    XL:     10   Next: 76%
Magic:  15/18      EV: 17    Int: 35    God:    Cheibriados [**....]
Gold:   435        SH:  4    Dex: 20    Spells: 11/20 levels left

rFire   . . .        p - +7 mace of Obsession {holy, rN+ Str+5 Int+3}
rCold   + . .        (no shield)
rNeg    + + .        l - +4 hat of Ashenzari's Favour {Fly rPois rC+ rN+}
rPois   +            (no amulet)
rElec   .            s - +6 ring of dexterity
rCorr   .            r - +6 ring of strength
SInv    .            (no ring)
Will    .....        (no ring)
Stlth   +++          (no ring)
HPRegen 0.31/turn    (no ring)
MPRegen 0.16/turn    (no ring)
                     (no ring)

%: no passive effects
@: marked, corroded, flying, very slow
A: almost no armour, amphibious, 8 rings, camouflage 1, gelatinous body 1,
(nimble swimmer 1), tentacles, large bone plates 1, clumsy 1, noise suppression
a: Renounce Religion, Bend Time


You were on level 9 of the Dungeon.
You worshipped Cheibriados.
Cheibriados was pleased with you.
You visited 2 branches of the dungeon, and saw 10 of its levels.

You collected 435 gold pieces.

Inventory:

Hand Weapons
 c - a +0 war axe of flaming
 p - the +7 mace of Obsession (weapon) {holy, rN+ Str+5 Int+3}
   (You found it on level 6 of the Dungeon)

   Str:       It affects your strength (+5).
   Int:       It affects your intelligence (+3).
   rN:        It protects you from negative energy.
Missiles
 k - 4 throwing nets
Armour
 l - the +4 hat of Ashenzari's Favour (worn) {Fly rPois rC+ rN+}
   (You acquired it on level 4 of the Dungeon)

   rC:        It protects you from cold.
   rPois:     It protects you from poison.
   rN:        It protects you from negative energy.
   Fly:       It grants you flight.
Jewellery
 o - a ring of flight
 r - a +6 ring of strength (right tentacle)
 s - a +6 ring of dexterity (left tentacle)
 w - a ring of ice
 y - a ring of resist corrosion
Wands
 e - a wand of roots (7)
 v - a wand of digging (6)
Scrolls
 i - a scroll of immolation
 m - 2 scrolls of fog
 n - a scroll of blinking
 q - a scroll of magic mapping
 t - a scroll of enchant weapon
 u - 2 scrolls of enchant armour
 x - a scroll of identify
Potions
 b - 3 potions of lignification
 d - 3 potions of might
 f - 4 potions of curing
 g - 5 potions of attraction
 h - 5 potions of mutation
 j - a potion of resistance
 z - a potion of haste
 A - a potion of heal wounds


   Skills:
 + Level 5.7 Fighting
 - Level 2.2(3.0) Axes
 + Level 2.8(3.2) Maces & Flails
 - Level 6.5 Dodging
 - Level 2.6 Stealth
 + Level 5.6 Spellcasting
 + Level 9.5 Conjurations
 - Level 5.0 Translocations
 + Level 5.3 Invocations


You had 11 spell levels left.
You knew the following spells:

 Your Spells              Type           Power      Damage    Failure   Level
a - Magic Dart            Conj           100%       1d8       1%          1
b - Searing Ray           Conj           100%       2d8       1%          2
c - Iskenderun's Mystic   Conj/Tloc      57%        2d12      1%          4
d - Blink                 Tloc           90%        N/A       1%          2

Your spell library contained the following spells:

 Spells                   Type           Power      Damage    Failure   Level
 Lesser Beckoning         Tloc           90%        N/A       1%          2
 Momentum Strike          Conj/Tloc      100%       3d10      1%          2
 Dazzling Flash           Conj/Hex       86%        N/A       1%          3
 Necrotise                Necr           36%        1d5       3%          1
 Fulminant Prism          Conj/Hex       21%        3d12      5%          4
 Vampiric Draining        Necr           9%         2d6       12%         3
 Agony                    Necr           9%         N/A       71%         5


Dungeon Overview and Level Annotations

Branches:
Dungeon (9/15)             Temple (1/1) D:4            Lair (0/5) D:8
    Orc: D:9-12

Altars:
Ashenzari
Cheibriados
Dithmenos
Elyvilon
Fedhas
Gozag
Hepliaklqana
Makhleb
Nemelex Xobeh
Okawaru
Qazlal
Ru
Sif Muna
Trog
Uskayaw
Xom
Zin
The Shining One

Portals:
Abyss: D:4

Annotations:
D:4 2 transporters, Peloso's ghost, amateur MiFi
D:9 3 runed translucent doors


Innate Abilities, Weirdness & Mutations

You cannot wear most types of armour.
You are amphibious.
You can wear up to eight rings at the same time.
Your skin changes colour to match your surroundings (Stealth+).
Your rubbery body absorbs attacks. (AC +1, EV +1)
((You are camouflaged when in or above water. (Stealth+)))
You have tentacles for arms and can constrict up to eight enemies at once.
You are partially covered in large bone plates. (SH +4)
You are clumsy. (Dex -2)
You passively dampen the noise of your surroundings.


Message History

Casting: Searing Ray (safe; 1% risk of failure)
Confirm with . or Enter, or press ? or * to list all spells.
You erupt in a blast of force!
The mystic blast hits the brown ugly thing!
The brown ugly thing is heavily wounded.
The brown ugly thing is knocked back by the mystic blast.
Casting: Iskenderun's Mystic Blast (dangerous; 2% risk of failure)
Confirm with . or Enter, or press ? or * to list all spells.
You erupt in a blast of force!
The mystic blast hits the brown ugly thing!
The brown ugly thing is severely wounded.
The brown ugly thing is knocked back by the mystic blast.
Casting: Iskenderun's Mystic Blast (dangerous; 2% risk of failure)
Confirm with . or Enter, or press ? or * to list all spells.
You erupt in a blast of force!
The mystic blast hits the brown ugly thing!
The brown ugly thing is severely wounded.
The brown ugly thing is knocked back by the mystic blast.
Aiming: Fastroot
Press: ? - help, Shift-Dir - straight line, f/p - brown ugly thing
Aim: a brown ugly thing (severely wounded)
The roots erupt in riotous growth!
Roots grab the brown ugly thing.
The grasping roots constrict the brown ugly thing.
The brown ugly thing struggles to escape constriction.
The brown ugly thing escapes!
Magic courses through your body.
Casting: Iskenderun's Mystic Blast (dangerous; 2% risk of failure)
Confirm with . or Enter, or press ? or * to list all spells.
You erupt in a blast of force!
The mystic blast hits the brown ugly thing!
You kill the brown ugly thing!
Cheibriados thoroughly appreciates the change of pace.
Cheibriados raises the support of your attributes as your movement slows.
The acid dragon spits acid at you. The splash of acid hits you!
* * * LOW HITPOINT WARNING * * *
The acid dragon spits acid at you. The splash of acid hits you!!
You die...

#.......###...........#
........#...####D####.#
..........#.#.^#.#^.#.#
).......###.##^#.#^##.#
)))###### #.#.^#.#^.#.#
))## #.##^#.#^## # .).#
#.#.^#†#^.# .#
..'########.####'####...
#..............#@#....#
.........#...#.###.####
.........#####.....####
.........#
#####....####.#
.........# ####......#
.........# ##..#####
.........# ########..##
.........# ##........##
.........###..########


You could see an acid dragon (catching breath).

Vanquished Creatures
  An ugly thing (D:9)
  A gargoyle (D:5)
  Maggie (D:8)
  A hornet (D:8)
  Sigmund (D:6)
  Duvessa (D:7)
  An orc warrior (D:9)
  3 sky beasts
  3 ice beasts
  3 ogres
  2 centaurs
  2 phantoms
  3 bullfrogs
  A kobold brigand (D:9)
  3 scorpions
  8 wights
  Dowan (D:7)
  18 killer bees
  7 howler monkeys
  5 hounds
  3 gnoll boudas
  4 orc priests
  A sleepcap (D:7)
  4 iguanas
  Natasha (thrice) (D:1)
  7 orc wizards
  21 gnolls
  12 adders
  3 white imps
  An ufetubus (D:6)
  3 worms (D:3)
  3 dart slugs
  26 orcs
  4 endoplasms
  2 giant cockroaches
  7 hobgoblins
  8 jackals
  9 kobolds
  3 quokkas
  9 ball pythons
  5 bats
  5 goblins
  6 rats
215 creatures vanquished.

Notes
Turn   | Place    | Note
-------+----------+-------------------------------------------
     0 | D:1      | Ijustatesigmund the Octopode Conjurer began the quest for
                  | the Orb.
     0 | D:1      | Reached XP level 1. HP: 11/11 MP: 3/3
   307 | D:1      | Reached XP level 2. HP: 18/18 MP: 1/5
   358 | D:1      | Learned a level 2 spell: Searing Ray
  1163 | D:2      | Found a faded altar of an unknown god.
  1173 | D:2      | Reached skill level 1 in Fighting
  1263 | D:2      | Reached XP level 3. HP: 23/23 MP: 3/6
  1273 | D:2      | Reached skill level 1 in Axes
  1409 | D:2      | Noticed Natasha
  1418 | D:1      | Killed Natasha
  1419 | D:1      | Reached XP level 4. HP: 7/28 MP: 2/7
  1639 | D:1      | Noticed Natasha
  1644 | D:1      | Killed Natasha
  1824 | D:1      | Noticed Natasha
  1829 | D:1      | Killed Natasha
  1957 | D:2      | Reached XP level 5. HP: 34/34 MP: 5/9
  2448 | D:2      | Learned a level 4 spell: Iskenderun's Mystic Blast
  2451 | D:2      | Learned a level 2 spell: Blink
  2691 | D:3      | Reached skill level 1 in Translocations
  2918 | D:3      | Gained mutation: You are clumsy. (Dex -2) [potion of
                  | mutation]
  2918 | D:3      | Gained mutation: You are partially covered in large bone
                  | plates. (SH +4) [potion of mutation]
  2918 | D:3      | Gained mutation: You passively dampen the noise of your
                  | surroundings. [potion of mutation]
  2921 | D:3      | Reached XP level 6. HP: 23/39 MP: 2/10
  4022 | D:4      | Found a staircase to the Ecumenical Temple.
  4044 | D:4      | Noticed an ice beast
  4061 | D:4      | Reached XP level 7. HP: 33/45 MP: 3/11
  4064 | D:4      | Reached skill level 5 in Translocations
  4313 | D:4      | Identified a scroll of acquirement
  4313 | D:4      | Acquired the +4 hat of Ashenzari's Favour {Fly rPois rC+
                  | rN+}
  4395 | D:4      | Found a transporter.
  4397 | D:4      | Noticed an ancient zyme
  4399 | D:4      | Found a one-way gate to the infinite horrors of the Abyss.
  4399 | D:4      | Noticed Peloso's ghost (amateur MiFi)
  4456 | D:4      | Found a transporter.
  4563 | D:4      | Reached skill level 5 in Conjurations
  5159 | D:5      | Entered Level 5 of the Dungeon
  5159 | D:5      | Noticed a gargoyle
  5173 | D:5      | Killed a gargoyle
  5174 | D:5      | Reached skill level 6 in Conjurations
  5174 | D:5      | Reached XP level 8. HP: 27/50 MP: 12/12
  5977 | D:5      | Reached skill level 5 in Dodging
  6116 | D:5      | Found a hide-covered altar of Uskayaw.
  6116 | D:5      | Noticed a +0 spear
  6116 | D:5      | Noticed a +0 dagger
  6116 | D:5      | Noticed a +0 short sword
  6117 | D:5      | Noticed a +0 falchion
  6117 | D:5      | Noticed a +0 dagger
  6118 | D:5      | Noticed a +0 short sword
  6118 | D:5      | Noticed a +0 spear
  6118 | D:5      | Noticed a +0 falchion
  6356 | D:5      | Identified the +10 dagger "Kony" {freeze, rN+ rCorr}
  6424 | D:5      | Reached skill level 7 in Conjurations
  7110 | D:6      | Reached XP level 9. HP: 54/54 MP: 6/13
  7580 | D:6      | Identified the +7 mace of Obsession {holy, rN+ Str+5 Int+3}
  7605 | D:6      | Reached skill level 8 in Conjurations
  7670 | Temple   | Entered the Ecumenical Temple
  7746 | Temple   | Became a worshipper of Cheibriados the Contemplative
  7922 | D:6      | Found an iron altar of Okawaru.
  7935 | D:6      | Found a sacrificial altar of Ru.
  7983 | D:6      | Noticed Sigmund
  7998 | D:6      | Killed Sigmund
  7999 | D:6      | Reached skill level 1 in Invocations
  8195 | D:6      | Found a broken altar of Ashenzari.
  8683 | D:7      | Noticed Duvessa
  8683 | D:7      | Noticed Dowan
  8693 | D:7      | Killed Dowan
  8694 | D:7      | Killed Duvessa
  9366 | D:7      | Found a sparkling altar of Nemelex Xobeh.
  9386 | D:7      | Found a shadowy altar of Dithmenos.
  9677 | D:8      | Found a staircase to the Lair.
  9805 | D:8      | Reached * piety under Cheibriados
  9812 | D:8      | Reached XP level 10. HP: 54/65 MP: 7/16
  9961 | D:8      | Reached skill level 9 in Conjurations
 10012 | D:8      | Noticed Maggie
 10026 | D:8      | Killed Maggie
 10027 | D:8      | Reached skill level 5 in Spellcasting
 10313 | D:8      | Reached skill level 1 in Maces & Flails
 10335 | D:8      | Reached skill level 5 in Fighting
 10951 | D:9      | Found a hazy altar of Hepliaklqana.
 11029 | D:9      | Reached ** piety under Cheibriados
 11371 | D:9      | Found a runed translucent gate.
 11371 | D:9      | Found a runed translucent gate.
 11371 | D:9      | Found a runed translucent gate.
 11379 | D:9      | Reached skill level 5 in Invocations
 11487 | D:9      | Noticed a cyan ugly thing
 11487 | D:9      | Noticed a cyan ugly thing
 11487 | D:9      | Noticed a white ugly thing
 11489 | D:9      | Noticed a purple ugly thing
 11496 | D:9      | Noticed a purple ugly thing
 11826 | D:9      | Noticed a tengu warrior
 11826 | D:9      | Noticed a centaur warrior
 11853 | D:9      | Noticed a brown ugly thing
 11864 | D:9      | Killed a brown ugly thing
 11865 | D:9      | Killed from afar by an acid dragon

Illustrated notes

Levels and vault maps discovered:
D:1:      erik_arrival_triangle_small, layout_loops_ring
D:2:      kennysheep_big_flooded_room, layout_rooms,
          chequers_ecumenical_altar_simple, minmay_indecisive_spiral,
          uniq_natasha
D:3:      layout_loops_ring
D:4:      layout_basic, minmay_temple_entry_hall, gammafunk_ghost_abyssal_escape
D:5:      layout_rooms, nicolae_uskayaw_en_pointe, minmay_misc_feat_cross
D:6:      layout_rooms, mainiacjoe_overflow_catwalk_spiral,
          kennysheep_mini_moat, uniq_sigmund
D:7:      layout_loops_corners, nemelex_spade_bored_becter,
          grunt_dithmenos_shadows, uniq_duvessa
D:8:      layout_rooms, dpeg_oklobed_lair, uniq_maggie
D:9:      layout_roguey, nicolae_hepliaklqana_hippocampus,
          mainiacjoe_overflow_alcove_3,
          ploomutoo_gammafunk_ghost_potion_laboratory, serial_corexii_hall,
          corexii_hall_statues_deadend, corexii_hall_statues_i, grunt_tough_drop
Temple:   nicolae_temple_ecumenical_triangle

Skill      XL: |  1  2  3  4  5  6  7  8  9 10 |
---------------+-------------------------------+-----
Fighting       | 1 2 4 5 |  5.7
Axes           | 1 2 |  2.2
Spellcasting   | 3 4 5 |  5.6
Translocations | 2 4 5 |  5.0
Conjurations   | 6 7 8 9 |  9.5
Dodging        | 4 6 |  6.5
Invocations    | 3 5 |  5.3
Maces & Flails | 2 |  2.8
Stealth        | |  2.6

Action                     |  1- 3 |  4- 6 |  7- 9 | 10-12 || total
---------------------------+-------+-------+-------+-------++-------
  Melee: Hand axe          |    11 |    49 |       |       ||    60
         Constrict         |     4 |    13 |    45 |    12 ||    74
         Tentacles         |     2 |    13 |    66 |     9 ||    90
         Punch             |       |     2 |     3 |       ||     5
         War axe           |       |     7 |   111 |       ||   118
         Dagger            |       |       |    45 |       ||    45
         Mace              |       |       |    79 |    59 ||   138
   Cast: Magic Dart        |    41 |    59 |    39 |    15 ||   154
         Searing Ray       |     1 |     8 |    12 |     4 ||    25
         Iskenderun's Myst |       |       |    29 |    17 ||    46
         Blink             |       |       |     1 |       ||     1
  Evoke: Wand              |       |       |     1 |     3 ||     4
    Use: Scroll            |     4 |    11 |     6 |       ||    21
         Potion            |       |     3 |     4 |     2 ||     9
   Stab: Sleeping          |     1 |     2 |     5 |     2 ||    10
 Armour: Skin              |     1 |     3 |    49 |    14 ||    67
  Dodge: Dodged            |     7 |    41 |   157 |    87 ||   292
  Block: Other             |       |     3 |    42 |    21 ||    66
